AoeStats
← seu madruga

Baltic

510608232Analyzed
2v2 RM · 13h ago on Oct 1, 2026· 30m 0s· 4 players
Game mode
Random Map
Map size
Medium (4 player)
Population
200
Speed
Normal
Resources
Standard
Victory
Conquest
Starting age
Dark Age
Ending age
Imperial Age
RankedLock teamsTeams togetherTeam positionsShared explorationLock speedFull tech treeHidden civsTurbo modeCheats
Victory
Defeat
🇺🇸 Malay · United States
932
+14
🇺🇸 Mongols · United States
907
+15
🇵🇾 Aztecs · Paraguay
901
-15
🇹🇷 Persians · Türkiye
887
-14
seu madruga
9:38 Feudal Age
10:12 Double-Bit Axe
19:18 Castle Age
18:32 Horse Collar
19:03 Stone Mining
19:06 Gold Mining
20:36 Squires
29:08 Forging
28:58 Scale Mail Armor
Hormozan
0:51 Loom
rosa sharts
0:26 Loom
11:56 Feudal Age
15:06 Double-Bit Axe
15:06 Horse Collar
19:04 Castle Age
18:24 Scale Barding Armor
18:11 Fletching
19:17 Gold Mining
19:48 Heavy Plow
21:09 Gold Shaft Mining
21:55 Bow Saw
25:00 Bodkin Arrow
25:16 Thumb Ring
26:36 Stone Mining
30:19 Wheelbarrow
pedro bismol
5:04 Loom
12:25 Feudal Age
12:23 Double-Bit Axe
16:45 Wheelbarrow
19:09 Castle Age
18:02 Horse Collar
20:32 Forging
25:21 Iron Casting
24:52 Scale Barding Armor
26:01 Hand Cart
27:30 Husbandry
Connection lost

Rejoining the realm…

Still unreachable

The connection could not be restored.

Session expired

The server has moved on; the page needs a fresh start.